Map: Beladona LE

Players

LowLinK

  • Race: Protoss Protoss
  • League: Diamond
  • Spawn Location: 5:00

MassFlowRate - Winner!

  • Race: Protoss Protoss
  • League: Diamond
  • Spawn Location: 11:00

VOD

Have the link to the VOD?

Description

Time

  • Played on: Feb. 18, 2020, 1:27 p.m.
  • Length: 20:46
Show
View Real Time Build Order
Export as new Build Order

LowLinK Protoss 

Build Orders:  

Get SALT Encoding   

  12  0:01  Probe  
  13  0:13  Probe  
  14  0:18  Pylon  
  14  0:25  Probe  
  15  0:37  Probe (Chrono Boost)  
  15  0:38  Gateway  
  16  0:46  Assimilator  
  16  0:48  Probe (Chrono Boost)  
  17  0:53  Assimilator  
  17  0:54  Probe (Chrono Boost)  
  18  1:06  Probe  
  19  1:13  Pylon  
  19  1:18  Probe  
  20  1:25  Cybernetics Core  
  20  1:30  Probe  
  21  1:40  Zealot  
  21  1:46  Probe  
  24  1:55  Pylon  
  24  1:56  Warp Gate (Chrono Boost)  
  24  1:58  Probe  
  25  2:11  Stalker  
  27  2:17  Gateway  
  27  2:20  Gateway  
  27  2:22  Gateway  
  27  2:32  Gateway  
  27  3:09  Pylon  
  29  3:24  Sentry (Chrono Boost)  
  28  3:31  Stalker x4  
  36  3:53  Stalker x2  
  36  3:54  Sentry  
  42  3:56  Zealot x2  
  42  4:02  Pylon  
  40  4:27  Stalker  
  40  4:28  Stalker x3  
  40  4:42  Stalker  
  40  4:51  Stalker  
  42  4:53  Zealot  
  42  4:55  Sentry  
  46  5:03  Stalker  
  48  5:11  Adept  
  50  5:15  Sentry  
  50  5:20  Zealot  
  48  5:34  Stalker  
  50  5:39  Stalker  
  52  5:44  Stalker  
  54  6:04  Pylon  
  38  6:32  Stalker x2  
  38  6:33  Stalker x3  
  48  6:50  Stalker  
  50  6:56  Stalker  
  50  6:58  Zealot  
  54  7:05  Sentry  
  56  7:08  Zealot  
  58  7:18  Stalker  
  60  7:27  Stalker  
  54  8:00  Stalker x3  
  54  8:03  Zealot  
  62  8:14  Pylon  
  40  8:30  Stalker x2  
  32  8:56  Stalker x2  
  32  8:58  Sentry  
  38  9:04  Stalker  
  40  9:13  Zealot  
  42  9:19  Sentry  
  44  9:34  Stalker  
  46  9:40  Zealot  
  46  9:45  Sentry  
  50  9:58  Stalker  
  46  10:12  Stalker  
  36  10:25  Stalker  
  36  10:44  Stalker  
  36  10:46  Sentry  
  40  10:59  Stalker  
  36  11:35  Stalker x3  
  40  11:43  Shield Battery  
  38  11:54  Sentry x2  
  33  12:15  Stalker  
  35  12:28  Stalker  
  36  12:32  Probe  
  37  12:43  Stalker  
  39  12:46  Sentry  
  41  13:34  Nexus  
  41  13:50  Probe  
  42  14:03  Probe  
  43  14:24  Pylon  
  43  14:28  Probe  
  44  14:38  Stalker  
  44  14:39  Stalker  
  48  14:50  Probe  
  49  15:05  Stalker  
  51  15:18  Probe (Chrono Boost)  
  53  15:23  Probe (Chrono Boost)  
  53  15:27  Probe (Chrono Boost)  
  54  15:31  Assimilator  
  54  15:36  Robotics Facility  
  54  15:51  Gateway  
  54  16:00  Probe, Assimilator  
  55  16:12  Stalker x2  
  59  16:21  Immortal (Chrono Boost)  
  63  16:37  Stalker x2  
  67  16:40  Sentry  
  67  16:41  Sentry  
  71  16:57  Immortal (Chrono Boost)  
  75  17:05  Zealot  
  77  17:15  Forge  
  77  17:33  Pylon  
  77  17:39  Pylon  
  77  18:04  Nexus  
  77  18:07  Pylon  
  77  18:12  Protoss Ground Weapons Level 1 (Chrono Boost), Immortal (Chrono Boost)  
  81  18:25  Sentry  
  83  18:43  Twilight Council  
  83  18:48  Gateway  
  83  18:58  Probe x2  
  85  19:05  Stalker  
  85  19:06  Stalker  
  89  19:16  Observer (Chrono Boost)  
  90  19:29  Observer (Chrono Boost)  
  87  19:44  Stalker x3  
  87  19:45  Stalker  
  55  20:01  Immortal (Chrono Boost)  
  39  20:10  Stalker x2  
  42  20:21  Stalker  
Show
View Real Time Build Order
Export as new Build Order

MassFlowRate Protoss - Winner!

Build Orders:  

Get SALT Encoding   

  12  0:01  Probe  
  13  0:13  Probe  
  14  0:20  Pylon  
  14  0:25  Probe  
  15  0:38  Probe (Chrono Boost)  
  15  0:42  Gateway  
  16  0:47  Probe (Chrono Boost)  
  17  0:52  Probe  
  18  0:59  Gateway  
  18  1:04  Probe (Chrono Boost)  
  18  1:07  Assimilator  
  19  1:15  Probe (Chrono Boost)  
  20  1:20  Probe (Chrono Boost)  
  20  1:24  Assimilator  
  21  1:30  Probe  
  22  1:37  Cybernetics Core  
  22  1:43  Probe  
  23  1:59  Pylon  
  23  2:10  Gateway  
  23  2:13  Gateway  
  23  2:17  Stalker x2  
  27  2:25  Probe  
  27  2:26  Gateway  
  27  2:27  Warp Gate (Chrono Boost)  
  28  2:50  Stalker  
  31  2:55  Pylon  
  30  3:05  Stalker  
  31  3:29  Stalker  
  31  3:30  Stalker  
  33  3:58  Shield Battery  
  33  4:00  Shield Battery  
  33  4:01  Stalker  
  33  4:02  Stalker  
  37  4:07  Pylon, Stalker  
  39  4:12  Pylon  
  39  4:21  Stalker  
  35  4:28  Stalker x2  
  33  4:37  Stalker  
  35  4:46  Stalker  
  37  4:53  Stalker  
  39  5:01  Stalker  
  39  5:06  Zealot  
  43  5:14  Zealot  
  37  5:33  Stalker x2  
  41  5:41  Stalker  
  43  5:52  Robotics Facility  
  43  6:11  Stalker x2  
  41  6:12  Stalker  
  41  6:24  Stalker  
  39  6:41  Stalker x2  
  43  6:53  Immortal (Chrono Boost)  
  47  7:13  Pylon  
  47  7:26  Immortal (Chrono Boost)  
  49  7:50  Stalker x3  
  53  8:02  Stalker  
  39  8:31  Stalker x3  
  39  8:48  Stalker  
  35  8:59  Stalker  
  35  9:00  Stalker  
  39  9:13  Immortal (Chrono Boost)  
  43  9:24  Zealot  
  45  9:33  Zealot  
  47  9:41  Sentry  
  49  9:45  Zealot  
  37  10:34  Stalker  
  39  10:36  Immortal (Chrono Boost)  
  41  10:44  Stalker  
  41  10:46  Sentry  
  41  10:49  Sentry  
  43  11:43  Stalker x2  
  35  12:44  Nexus  
  35  12:45  Probe (Chrono Boost)  
  36  12:55  Probe (Chrono Boost)  
  36  12:57  Immortal  
  41  13:00  Probe (Chrono Boost)  
  42  13:10  Stalker x2  
  47  13:20  Probe (Chrono Boost)  
  47  13:30  Probe (Chrono Boost)  
  47  13:32  Stalker  
  50  13:36  Probe  
  51  13:48  Pylon  
  51  13:51  Probe (Chrono Boost)  
  52  13:58  Probe (Chrono Boost)  
  54  14:07  Probe (Chrono Boost)  
  54  14:09  Stalker  
  56  14:15  Shield Battery  
  56  14:25  Sentry x3  
  62  14:32  Shield Battery  
  62  14:35  Probe  
  62  14:36  Probe  
  64  14:39  Observer (Chrono Boost)  
  65  14:48  Forge  
  65  14:58  Assimilator  
  65  15:05  Assimilator  
  65  15:07  Twilight Council  
  65  15:14  Sentry x3  
  71  15:22  Pylon  
  71  15:45  Protoss Ground Weapons Level 1 (Chrono Boost)  
  71  15:52  Templar Archives  
  71  15:57  Immortal (Chrono Boost), Stalker  
  71  16:03  Stalker  
  78  16:29  Nexus  
  78  16:35  High Templar x3  
  84  16:43  Archon  
  84  16:46  Zealot  
  86  16:51  Probe  
  87  17:08  High Templar  
  89  17:13  Archon  
  89  17:14  Stalker  
  89  17:15  Zealot  
  93  17:18  Probe  
  93  17:21  Pylon  
  93  17:22  Pylon  
  94  17:26  Charge (Chrono Boost)  
  94  17:41  Probe (Chrono Boost), Pylon  
  94  17:42  Probe (Chrono Boost)  
  97  17:44  Probe (Chrono Boost)  
  98  17:52  Probe (Chrono Boost)  
  98  17:53  Probe (Chrono Boost)  
  98  17:54  Probe (Chrono Boost)  
  98  17:55  Stalker  
  102  18:03  Gateway  
  102  18:09  Gateway  
  102  18:12  Stalker  
  104  18:20  Zealot  
  104  18:21  Zealot x2  
  110  18:37  Zealot  
  112  18:44  Gateway  
  112  18:46  Gateway  
  112  18:50  Zealot  
  112  18:51  Zealot x2  
  118  19:15  Pylon  
  118  19:18  Warp Prism (Chrono Boost)  
  118  19:19  Pylon  
  77  20:17  Zealot x2  
  77  20:18  Zealot x6  
  89  20:40  Zealot x2  
  89  20:41  Zealot x2  
  89  20:42  Zealot x4  
Tags
 
Add a new tag
Caveats
  • Supply blocks, unpowered buildings, or Contaminate may cause inaccurate times.
  • Supply counts are checked every 10 seconds.